 Dungeon Crawl Stone Soup version 0.28.0 (webtiles) character file.

Game seed: 5749624008865903577

555 danielguo94 the Cudgeller (level 7, -4/44 HPs)
             Began as a Gargoyle Fighter on Feb 8, 2022.
             Was an Initiate of the Shining One.
             Slain by Menkaure (11 damage)
             ... on level 4 of the Dungeon.
             The game lasted 00:04:54 (5676 turns).

danielguo94 the Cudgeller (Gargoyle Fighter)        Turns: 5676, Time: 00:04:55

Health: -4/44      AC: 13    Str: 21    XL:     7   Next: 30%
Magic:  7/7        EV: 10    Int:  9    God:    the Shining One [......]
Gold:   212        SH:  5    Dex: 15    Spells: 6/6 levels left

rFire   . . .      SeeInvis .   a - +0 flail
rCold   . . .      Faith    .   c - +0 buckler
rNeg    + . .      Spirit   .   b - +0 scale mail
rPois   ∞          Reflect  .   l - +0 helmet
rElec   +          Harm     .   (no cloak)
rCorr   +          Rampage  .   (no gloves)
Will    .....                   (no boots)
Stlth   ..........              (no amulet)
HPRegen 0.14/turn               t - ring of resist corrosion
MPRegen 0.10/turn               u - +6 ring of dexterity

@: mighty, glowing
A: sickness immunity, AC +4, negative energy resistance 1, electricity
resistance, torment resistance 1, petrification resistance
a: Renounce Religion


You were on level 4 of the Dungeon.
You worshipped the Shining One.
The Shining One was noncommittal.
You visited 2 branches of the dungeon, and saw 6 of its levels.

You collected 212 gold pieces.

Inventory:

Hand Weapons
 a - a +0 flail (weapon)
Missiles
 e - 199 stones
 n - 5 poisoned darts (quivered)
Armour
 b - a +0 scale mail (worn)
 c - a +0 buckler (worn)
 l - a +0 helmet (worn)
Jewellery
 j - a ring of wizardry
 t - a ring of resist corrosion (left hand)
 u - a +6 ring of dexterity (right hand)
Scrolls
 g - 2 scrolls of enchant armour {unknown}
 h - a scroll of immolation
 k - a scroll of teleportation
 m - a scroll of noise {unknown}
 q - a scroll of identify {unknown}
 s - a scroll of vulnerability {unknown}
 v - a scroll of silence {unknown}
Potions
 d - a potion of might
 f - 3 potions of heal wounds {unknown}
 i - 2 potions of haste {unknown}
 o - a potion of invisibility {unknown}
 p - a potion of lignification {unknown}
 r - a potion of degeneration {unknown}


   Skills:
 + Level 4.4 Fighting
 * Level 6.1 Maces & Flails
 + Level 4.4 Armour
 + Level 1.3 Dodging
 + Level 3.8 Shields


You had 6 spell levels left.
You didn't know any spells.
Your spell library contained the following spells:

 Spells                   Type           Power      Damage    Failure   Level
 Animate Skeleton         Necr           0%         N/A       80%         1
 Apportation              Tloc           0%         N/A       80%         1
 Summon Small Mammal      Summ           0%         N/A       80%         1
 Ensorcelled Hibernation  Hex/Ice        0%         N/A       91%         2
 Passwall                 Tmut/Erth      0%         N/A       91%         2
 Spider Form              Tmut/Pois      0%         N/A       99%         3
 Swiftness                Air            0%         N/A       99%         3
 Tukima's Dance           Hex            0%         N/A       99%         3
 Anguish                  Hex/Necr       0%         N/A       100%        4
 Passage of Golubria      Tloc           0%         N/A       100%        4
 Yara's Violent Unravell  Hex/Tmut       0%         3d3       100%        5


Dungeon Overview and Level Annotations

Branches:
Dungeon (5/15)             Temple (1/1) D:5

Altars:
Elyvilon
Fedhas
Hepliaklqana
Makhleb
Okawaru
Qazlal
Uskayaw
Xom
The Shining One

Annotations:
D:4 Menkaure


Innate Abilities, Weirdness & Mutations

You are immune to sickness and miasma.
Your stone body is resilient. (AC +4)
You are immune to poison.
You resist negative energy. (rN+)
You are resistant to electric shocks. (rElec)
You are resistant to unholy torment.
You are immune to petrification.


Message History

There is an open door here.
There is an open door here.
There is an open door here.
There is an open door here.
There is an open door here.
There is an open door here.
There is an open door here.
There is an open door here.
There is an open door here.
There is an open door here.
There is an open door here.
There is an open door here.
There is an open door here.
There is an open door here.
There is an open door here.
There is an open door here.
There is an open door here.
Menkaure shouts!
You aren't carrying any items that you can evoke.
Unknown command.
Unknown command.
There is an open door here.
You close the door.
There's nothing to close nearby.
You open the door. Menkaure hits you but does no damage.
There is an open door here.
You barely miss Menkaure. Menkaure hits you!
You feel very mighty all of a sudden. Menkaure hits you!
You are too injured to fight recklessly!
You are too injured to fight recklessly!
You sock Menkaure!
Menkaure is heavily damaged.
Menkaure hits you!
* * * LOW HITPOINT WARNING * * *
You sock Menkaure!
Menkaure is almost destroyed.
Menkaure hits you!
You die...

#.....#,,,,*,.....
#.....#*'***,.....
#.....#...........
#####'#....M######
#.....#.....#,....
#.....#.....#,....
#.....#.....#,....
#.....#.....#,....
##@#####.....#'####
#M.............,,,,
#..............,,,,
#..............(,,,
#..............,,,,
#..............,,,,
#..............,,,,
###############**'*
*,,,,,,,,


You could see Menkaure.

Vanquished Creatures
  A bullfrog (D:5)
  2 scorpions
  4 jellies (D:5)
  A hound (D:5)
  A centaur skeleton (D:5)
  An iguana (D:5)
  A hound skeleton (D:4)
  4 gnolls
  4 adders
  3 worms
  2 dart slugs
  6 orcs
  7 ball pythons
  7 bats
  7 endoplasms
  9 goblins
  2 hobgoblins (D:4)
  2 jackals (D:2)
  5 kobolds
  3 quokkas
  3 frilled lizards
  3 rats
78 creatures vanquished.

Notes
Turn   | Place    | Note
-------+----------+-------------------------------------------
     0 | D:1      | danielguo94 the Gargoyle Fighter began the quest for the
                  | Orb.
     0 | D:1      | Reached XP level 1. HP: 14/14 MP: 1/1
   314 | D:1      | Reached XP level 2. HP: 19/19 MP: 2/2
   556 | D:1      | Found a faded altar of an unknown god.
  1016 | D:2      | Reached XP level 3. HP: 24/24 MP: 3/3
  1444 | D:2      | Reached skill level 3 in Maces & Flails
  1670 | D:3      | Reached XP level 4. HP: 15/29 MP: 4/4
  1910 | D:3      | Found a blossoming altar of Fedhas.
  2071 | D:3      | You fall into a shaft and drop 2 floors!
  2071 | D:5      | Entered Level 5 of the Dungeon
  2480 | D:4      | Reached skill level 4 in Maces & Flails
  2626 | D:3      | Reached XP level 5. HP: 33/33 MP: 5/5
  2709 | D:3      | Found a hide-covered altar of Uskayaw.
  3399 | D:4      | Reached skill level 1 in Dodging
  3403 | D:4      | Noticed Menkaure
  3706 | D:4      | Found a hazy altar of Hepliaklqana.
  3936 | D:5      | Reached XP level 6. HP: 38/38 MP: 6/6
  3955 | D:5      | Reached skill level 5 in Maces & Flails
  4598 | D:5      | Found a burning altar of Makhleb.
  4639 | D:5      | Found a staircase to the Ecumenical Temple.
  4838 | Temple   | Entered the Ecumenical Temple
  4945 | Temple   | Became a worshipper of the Shining One
  5026 | D:5      | Reached XP level 7. HP: 44/44 MP: 7/7
  5105 | D:5      | Reached skill level 6 in Maces & Flails
  5520 | D:4      | Found a hazy altar of Hepliaklqana.
  5676 | D:4      | Slain by Menkaure

Illustrated notes

Levels and vault maps discovered:
D:1:      dpeg_arrival_brainrot, layout_basic,
          hellmonk_ecumenical_altar_prayer_group, palyth_stone_intersect
D:2:      layout_basic, serial_aquarium, aquarium_bridge_long_joined
          [aquarium_subvault_window, aquarium_subvault_wall,
          aquarium_subvault_window, aquarium_subvault_window,
          aquarium_subvault_wall, aquarium_subvault_bridge],
          aquarium_bridge_square [aquarium_subvault_window,
          aquarium_subvault_window, aquarium_subvault_wall,
          aquarium_subvault_bridge], aquarium_window_fake, aquarium_window_1,
          aquarium_view_2f, aquarium_balcony_3a, aquarium_pool_2
D:3:      layout_basic, overflow_temple_1_default,
          mainiacjoe_overflow_cross_hatched, solitary_fountain,
          kennysheep_pointless_box, supply_closet_lemuel
D:4:      layout_gridville, mainiacjoe_overflow_brackets, uniq_menkaure
D:5:      layout_rooms, kennysheep_mini, lemuel_temple_firewalk_b,
          serial_co_window_serial, co_window_paths_b, co_window_paths_a,
          co_window_corner_a, co_window_of_opportunity_a, co_window_corner_a,
          co_window_broadway_c, co_window_2corner, co_window_unsneaky_path_a,
          co_window_unsneaky_path_e, co_window_of_opportunity_c,
          co_window_paths_d, glass_columns_a
Temple:   regret_index_temple_generic_petals

Skill      XL: |  1  2  3  4  5  6  7 |
---------------+----------------------+-----
Maces & Flails | 3 4 5 6 |  6.1
Dodging        | 1 |  1.3
Fighting       | 4 |  4.4
Armour         | 4 |  4.4
Shields        | |  3.8

Action                   |  1- 3 |  4- 6 |  7- 9 || total
-------------------------+-------+-------+-------++-------
Melee: Flail             |   137 |   179 |    20 ||   336
  Use: Scroll            |       |     3 |       ||     3
       Potion            |       |       |     1 ||     1
Armor: Scale mail        |    98 |   101 |     4 ||   203
Dodge: Dodged            |    96 |   109 |     6 ||   211
Block: Buckler           |    34 |    36 |     4 ||    74
